 Dungeon Crawl Stone Soup version 0.28-a0-779-g3d1f99b579 (webtiles) character file.

Game seed: 11041511929239257044

93 rogsnak the Magician (level 4, -2/32 HPs)
             Began as a Gnoll Hedge Wizard on Nov 2, 2021.
             Slain by a river rat (4 damage)
             ... on level 3 of the Dungeon.
             The game lasted 00:05:29 (2342 turns).

rogsnak the Magician (Gnoll Hedge Wizard)           Turns: 2342, Time: 00:05:30

Health: -2/32      AC:  6    Str:  9    XL:     4   Next: 61%
Magic:  0/13       EV: 13    Int: 15    God:
Gold:   98         SH:  0    Dex: 11    Spells: 11/17 levels left

rFire   . . .      SeeInvis .   e - +2 dagger (freeze)
rCold   . . .      Faith    .   (no shield)
rNeg    + . .      Spirit   .   b - +0 robe
rPois   .          Reflect  .   c - +0 hat
rElec   .          Harm     .   (no cloak)
rCorr   .          Rampage  .   (no gloves)
Will    .....                   (no boots)
Stlth   +.........              (no amulet)
HPRegen 0.10/turn               l - ring of positive energy
MPRegen 0.13/turn               o - +4 ring of protection

@: very slow
A: fangs 1, strong nose, distributed training
a: no special abilities


You were on level 3 of the Dungeon.
You visited 1 branch of the dungeon, and saw 3 of its levels.

You collected 98 gold pieces.

Inventory:

Hand Weapons
 a - a +0 dagger
 e - a +2 dagger of freezing (weapon)
Missiles
 f - 116 stones
Armour
 b - a +0 robe (worn)
 c - a +0 hat (worn)
Magical Staves
 k - a staff of conjuration
Jewellery
 l - a ring of positive energy (left hand)
 o - a +4 ring of protection (right hand)
Scrolls
 d - a scroll of immolation {unknown}
 h - a scroll of vulnerability {unknown}
 i - 3 scrolls of identify {unknown}
 j - a scroll of enchant weapon {unknown}
 m - 3 scrolls of torment {unknown}
 n - a scroll of silence {unknown}
Potions
 g - a potion of curing {unknown}


   Skills:
 + Level 1.2 Fighting
 + Level 1.2 Short Blades
 + Level 1.2 Long Blades
 + Level 1.2 Axes
 + Level 1.2 Maces & Flails
 + Level 1.2 Polearms
 + Level 1.2 Staves
 + Level 1.2 Slings
 + Level 1.2 Bows
 + Level 1.2 Crossbows
 + Level 1.2 Throwing
 + Level 1.2 Armour
 + Level 4.6 Dodging
 + Level 4.3 Stealth
 + Level 1.2 Shields
 + Level 1.2 Unarmed Combat
 + Level 7.2 Spellcasting
 + Level 2.2 Conjurations
 + Level 1.0 Hexes
 + Level 2.2 Summonings
 + Level 1.0 Necromancy
 + Level 2.2 Translocations
 + Level 1.0 Transmutations
 + Level 1.0 Fire Magic
 + Level 1.0 Ice Magic
 + Level 1.0 Air Magic
 + Level 1.0 Earth Magic
 + Level 1.0 Poison Magic
 + Level 1.3 Invocations
 + Level 1.2 Evocations


You had 11 spell levels left.
You knew the following spells:

 Your Spells              Type           Power      Damage    Failure   Level
a - Magic Dart            Conj           48%        1d5       4%          1
b - Blink                 Tloc           24%        N/A       8%          2
c - Mephitic Cloud        Conj/Pois/Air  9%         N/A       22%         3

Your spell library contained the following spells:

 Spells                   Type           Power      Damage    Failure   Level
 Call Imp                 Summ           12%        N/A       8%          2
 Slow                     Hex            32%        N/A       9%          1
 Static Discharge         Conj/Air       10%        N/A       10%         2
 Conjure Flame            Conj/Fire      10%        6-21      21%         3
 Lightning Bolt           Conj/Air       5%         1d17      88%         5
 Maxwell's Capacitive Co  Air            4%         ∞         100%        8


Dungeon Overview and Level Annotations

Branches:
Dungeon (3/15)

Altars:
Dithmenos


Innate Abilities, Weirdness & Mutations

You have very sharp teeth.
Your uncanny sense of smell can sniff out nearby items.
Your experience applies equally to all skills.


Message History

Aiming: Magic Dart (safe; 4% risk of failure)
Press: ? - help, Shift-Dir - straight line, f/p - river rat
Aim: a river rat (almost dead, 100% to hit)
The magic dart hits the river rat but does no damage.
The river rat is almost dead.
The rat splashes around in the water.
The river rat closely misses you.
Unknown command.
You hit the river rat but do no damage.
The river rat is almost dead.
The rat splashes around in the water.
The river rat barely misses you.
Casting: Magic Dart (safe; 4% risk of failure)
Confirm with . or Enter, or press ? or * to list all spells.
Aiming: Magic Dart (safe; 4% risk of failure)
Press: ? - help, Shift-Dir - straight line, f/p - river rat
Aim: a river rat (almost dead, 100% to hit)
The magic dart hits the river rat but does no damage.
The river rat is almost dead.
The rat closely misses you. The river rat bites you.
* * * LOW HITPOINT WARNING * * *
Casting: Magic Dart (safe; 4% risk of failure)
Confirm with . or Enter, or press ? or * to list all spells.
Aiming: Magic Dart (safe; 4% risk of failure)
Press: ? - help, Shift-Dir - straight line, f/p - river rat
Aim: a river rat (almost dead, 100% to hit)
The magic dart hits the river rat.
The river rat is almost dead.
The rat closely misses you. The river rat bites you!
* * * LOW HITPOINT WARNING * * *
Your unstable footing causes you to fumble your attack.
The rat bites you but does no damage.
Unknown command.
You barely miss the river rat.
The river rat is almost dead.
The river rat closely misses you.
The rat splashes around in the water.
Your unstable footing causes you to fumble your attack.
The river rat barely misses you.
The rat splashes around in the water.
You hit the river rat but do no damage.
The river rat is almost dead.
The river rat bites you.
You die...

#.### ## #.#.## ##.
######....####..
####.....)......†..
≈#≈######....####..
r#≈# #....# ##.
##≈#≈# ####.# ##
#≈r#r# #.# # #+#
#r##@# #.# #.#
#≈≈r≈# #.# #.#
#≈#≈#### #.# #.##
#≈≈≈≈r≈# #.# ...##
##########≈# #.# #
....# #.≈≈≈≈≈≈≈≈≈#
#.# # ....#
#.≈≈#≈#≈#### #.# #
#.#.###..≈.≈≈≈≈≈
#.######
#.#..........≈....
#.......


You could see a river rat and a rat.

Vanquished Creatures
  An orc wizard (D:3)
  An adder (D:3)
  A dart slug (D:1)
  4 orcs (D:3)
  4 endoplasms
  3 giant cockroaches
  7 goblins
  3 hobgoblins
  2 kobolds
  3 quokkas
  4 ball pythons
  9 bats
  A frilled lizard (D:1)
  4 rats
47 creatures vanquished.

Notes
Turn   | Place    | Note
-------+----------+-------------------------------------------
     0 | D:1      | rogsnak the Gnoll Hedge Wizard began the quest for the Orb.
     0 | D:1      | Reached XP level 1. HP: 13/13 MP: 8/8
     6 | D:1      | Noticed an anaconda
     6 | D:1      | Noticed a lindwurm
     6 | D:1      | Noticed a wyvern
     7 | D:1      | Noticed a scorpion
     7 | D:1      | Noticed a hog
   147 | D:1      | Reached XP level 2. HP: 19/19 MP: 2/10
   722 | D:1      | Reached XP level 3. HP: 25/25 MP: 6/11
   728 | D:1      | Learned a level 2 spell: Blink
   732 | D:1      | Learned a level 3 spell: Mephitic Cloud
  1252 | D:2      | Found a faded altar of an unknown god.
  1330 | D:2      | Reached skill level 1 in Invocations
  1826 | D:3      | Reached skill level 1 in Fighting
  1826 | D:3      | Reached skill level 1 in Short Blades
  1826 | D:3      | Reached skill level 1 in Long Blades
  1826 | D:3      | Reached skill level 1 in Axes
  1826 | D:3      | Reached skill level 1 in Maces & Flails
  1826 | D:3      | Reached skill level 1 in Polearms
  1826 | D:3      | Reached skill level 1 in Staves
  1826 | D:3      | Reached skill level 1 in Slings
  1826 | D:3      | Reached skill level 1 in Bows
  1826 | D:3      | Reached skill level 1 in Crossbows
  1826 | D:3      | Reached skill level 1 in Throwing
  1826 | D:3      | Reached skill level 1 in Armour
  1826 | D:3      | Reached skill level 1 in Shields
  1826 | D:3      | Reached skill level 1 in Unarmed Combat
  1826 | D:3      | Reached skill level 1 in Evocations
  1826 | D:3      | Reached XP level 4. HP: 32/32 MP: 4/13
  1850 | D:3      | Found a shadowy altar of Dithmenos.
  2300 | D:3      | Reached skill level 1 in Hexes
  2300 | D:3      | Reached skill level 1 in Necromancy
  2300 | D:3      | Reached skill level 1 in Transmutations
  2300 | D:3      | Reached skill level 1 in Fire Magic
  2300 | D:3      | Reached skill level 1 in Ice Magic
  2300 | D:3      | Reached skill level 1 in Air Magic
  2300 | D:3      | Reached skill level 1 in Earth Magic
  2300 | D:3      | Reached skill level 1 in Poison Magic
  2342 | D:3      | Slain by a river rat

Illustrated notes

Levels and vault maps discovered:
D:1:      onia_arrival_zoo_common, layout_loops_ring, st_stairs_6
D:2:      layout_basic, shapermc_ecumenical_altar_ellora
D:3:      layout_loops_corners, nicolae_dithmenos_the_darkroom,
          lightli_sewer_entry_pipes, uniq_ijyb

Skill      XL: |  1  2  3  4 |
---------------+-------------+-----
Conjurations   | 2 |  2.2
Summonings     | 2 |  2.2
Translocations | 2 |  2.2
Invocations    | 1 |  1.3
Fighting       | 1 |  1.2
Short Blades   | 1 |  1.2
Long Blades    | 1 |  1.2
Axes           | 1 |  1.2
Maces & Flails | 1 |  1.2
Polearms       | 1 |  1.2
Staves         | 1 |  1.2
Slings         | 1 |  1.2
Bows           | 1 |  1.2
Crossbows      | 1 |  1.2
Throwing       | 1 |  1.2
Armour         | 1 |  1.2
Shields        | 1 |  1.2
Unarmed Combat | 1 |  1.2
Evocations     | 1 |  1.2
Hexes          | 1 |  1.0
Necromancy     | 1 |  1.0
Transmutations | 1 |  1.0
Fire Magic     | 1 |  1.0
Ice Magic      | 1 |  1.0
Air Magic      | 1 |  1.0
Earth Magic    | 1 |  1.0
Poison Magic   | 1 |  1.0
Dodging        | |  4.6
Stealth        | |  4.3
Spellcasting   | |  7.2

Action                   |  1- 3 |  4- 6 || total
-------------------------+-------+-------++-------
Melee: Dagger            |    12 |    17 ||    29
       Bite              |     1 |       ||     1
 Cast: Magic Dart        |    83 |    32 ||   115
 Stab: Sleeping          |     2 |       ||     2
Armor: Robe              |     2 |    13 ||    15
Dodge: Dodged            |     9 |    24 ||    33

Table legend: (Time is in decaauts)
 A = Elapsed time spent in this place.
 B = Non-inter-level travel time spent in this place.
 C = Inter-level travel time spent in this place.
 D = Time resting spent in this place.
 E = Time spent auto-exploring this place.
 F = Levels seen in this place.
 G = Mean time per level.
                   A        B        C        D        E       F      G
               +--------+--------+--------+--------+--------+-----+--------+
         Total |   2346 |   2305 |     41 |    302 |   1258 |   3 |  782.0 |
       Dungeon |   2346 |   2305 |     41 |    302 |   1258 |   3 |  782.0 |
               +--------+--------+--------+--------+--------+-----+--------+

Top non-repeatable levels by time:
     D:1: 1010 daAuts
     D:2: 703 daAuts
     D:3: 632 daAuts
